Jets vs Senators

Created - 16 novembre 2020 at 20:19

Goals
1 2 3 T
Jets 4 0 2 6
Senators 1 1 0 2
Shots
1 2 3 T
Jets 11 17 8 36
Senators 10 12 5 27

1st period

1. Jets , Bryan Rust 3 (Hampus Lindholm 3) at 1:18
2. Senators , Vladislav Namestnikov 1 (Alex Galchenyuk 1, Chris Wagner 2) at 2:09
3. Jets , Brock Nelson 4 (Mats Zuccarello 4, Hampus Lindholm 4) at 8:02
4. Jets , Bryan Rust 4 (Mika Zibanejad 6, Jaccob Slavin 3) at 9:24 (PP)
5. Jets , Torey Krug 3 (Jaccob Slavin 4) at 13:40 (PP)

Penalties :
Valtteri Filppula (OTT) for Boarding (Minor) at 2:10, Patrik Nemeth (WPG) for Interference (Minor) at 4:31, Jani Hakanpaa (OTT) for Tripping (Minor) at 8:21, Robert Hagg (OTT) for Holding (Minor) at 12:06

2nd period

6. Senators , Mark Stone 3 (Eric Staal 4, Robert Hagg 2) at 10:08

Penalties :
Robert Hagg (OTT) for Hooking (Minor) at 15:52

3rd period

7. Jets , Kasperi Kapanen 4 (Mika Zibanejad 7, Jaccob Slavin 5) at 0:49
8. Jets , Jaccob Slavin 2 (Torey Krug 3, Mika Zibanejad 8) at 4:48 (PP)

Penalties :
Robert Hagg (OTT) for Hooking (Minor) at 4:24, Jaccob Slavin (WPG) for Tripping (Minor) at 11:58, Mike Green (OTT) for High sticking (Minor) at 17:26

Goalie Stats

Ben Bishop (WPG), 25 saves from 27 shots - (0,926), W, 5-2-1, 60:00 minutes
Marcus Hogberg (OTT), 5 saves from 9 shots - (0,556), L, 1-1-0, 13:40 minutes
Petr Mrazek (OTT), 25 saves from 27 shots - (0,926), 46:20 minutes

Players Stats for Jets

Player Name              G  A  P  +/- PIM S  H  SB GA TA FO     MP     PP MP  PK MP  
------------------------------------------------------------------------------------
Brandon Saad             0  0  0  -1  0   3  0  0  0  0  0/1    14:08   0:14   1:14 
Brock Nelson             1  0  1   2  0   2  1  0  0  0  11/18  18:18   3:40   0:40 
Bryan Rust               2  0  2   2  0   4  0  0  0  0  1/1    19:16   5:18   0:00 
Carl Soderberg           0  0  0  -1  0   1  1  0  0  0  2/3     5:48   0:00   0:53 
Hampus Lindholm          0  2  2   1  0   0  1  2  0  0  0/0    21:57   3:41   2:17 
Jaccob Slavin            1  3  4  -1  2   1  2  0  0  0  0/0    24:36   5:17   1:14 
Jake Muzzin              0  0  0   2  0   0  3  0  0  0  0/0    20:11   3:41   1:41 
Jakub Vrana              0  0  0   1  0   1  0  0  0  0  0/1    20:35   5:04   0:00 
Jay Bouwmeester          0  0  0   0  0   2  1  0  0  0  0/0    15:50   0:00   1:41 
Kasperi Kapanen          1  0  1   1  0   3  0  0  0  0  0/2    19:11   3:40   0:00 
Mats Zuccarello          0  1  1   2  0   2  0  0  0  0  0/0    17:38   3:40   0:00 
Mika Zibanejad           0  3  3   1  0   7  0  0  0  0  17/27  20:35   5:04   0:00 
Mikko Koivu              0  0  0  -1  0   3  0  0  0  0  9/17    7:28   0:00   2:33 
Nick Foligno             0  0  0  -1  0   4  1  0  0  0  1/1    12:40   0:00   0:00 
Nick Suzuki              0  0  0  -1  0   1  0  0  0  0  8/14   13:05   0:14   0:11 
Patrik Nemeth            0  0  0   0  2   0  1  0  0  0  0/0    14:53   0:00   0:45 
Tim Schaller             0  0  0  -1  0   1  1  0  0  0  0/0     7:20   0:00   2:25 
Torey Krug               1  1  2   0  0   1  1  1  0  0  0/0    22:31   5:17   0:18 

Players Stats for Senators

Player Name              G  A  P  +/- PIM S  H  SB GA TA FO     MP     PP MP  PK MP  
------------------------------------------------------------------------------------
Alex Galchenyuk          0  1  1   0  0   0  1  0  0  0  0/0    11:05   0:58   0:59 
Alexander Wennberg       0  0  0   0  0   4  1  0  0  0  12/24  16:05   0:50   0:00 
Andy Greene              0  0  0  -1  0   1  0  1  0  0  0/0    21:00   0:50   4:59 
Chris Wagner             0  1  1   0  0   1  1  0  0  0  6/20   14:13   0:00   5:05 
Cody Goloubef            0  0  0  -1  0   0  1  3  0  0  0/0    22:24   0:51   2:35 
Connor Brown             0  0  0   0  0   2  1  0  0  0  1/3    16:21   0:50   0:00 
Derek Ryan               0  0  0   0  0   0  0  0  0  0  0/1    11:31   0:58   5:36 
Eric Staal               0  1  1  -1  0   3  1  0  0  0  13/25  20:00   2:10   0:22 
Jakob Chychrun           0  0  0  -1  0   0  2  4  0  0  0/0    24:04   0:51   3:59 
James Neal               0  0  0  -1  0   4  4  1  0  0  0/0    19:38   2:10   0:00 
Jani Hakanpaa            0  0  0   1  2   0  1  0  0  0  0/0    16:52   2:17   1:57 
Mark Stone               1  0  1  -1  0   7  2  0  0  0  0/0    19:54   2:10   0:00 
Mike Green               0  0  0  -1  2   0  4  2  0  0  0/0    19:44   0:50   3:44 
Paul Byron               0  0  0   0  0   1  0  0  0  0  0/0     8:35   0:00   3:22 
Robert Hagg              0  1  1   1  6   0  1  0  0  0  0/0    15:35   2:17   0:42 
Valtteri Filppula        0  0  0   0  2   0  2  0  0  0  4/10    7:44   0:00   2:32 
Vladimir Tarasenko       0  0  0   0  0   2  0  0  0  0  0/0    16:05   0:50   0:00 
Vladislav Namestnikov    1  0  1   0  0   2  0  0  0  0  0/2    10:06   0:58   0:00 

3 Stars

1 - Bryan Rust (WPG)
2 - Jaccob Slavin (WPG)
3 - Mika Zibanejad (WPG)

Power Play

Jets - 3 on 6 Attempt(s) - 50,00%
Senators - 0 on 2 Attempt(s) - 0,00%

Penalty Kill

Jets - 2 on 2 Attempt(s) - 100,00% - Score 0 goal in Penalty Kill
Senators - 3 on 6 Attempt(s) - 50,00% - Score 0 goal in Penalty Kill

Team Stat

Jets - Hits : 13 - Faceoff Wins : 49 - Blocked Shots : 3 - Penalty Minutes : 4
Senators - Hits : 22 - Faceoff Wins : 36 - Blocked Shots : 11 - Penalty Minutes : 12

Official

Referees : Jim Curtin and Tim Peel
Linesman : Bevan Mills and Steven Walsh

Game Notes

Petr Mrazek enters game at 13:40 of 1st period

Finance

Level 1 -- Attendance: 6500 (100,00%) -- Ticket Income 650 000 $
Level 2 -- Attendance: 5000 (100,00%) -- Ticket Income 300 000 $
Level 3 -- Attendance: 3500 (100,00%) -- Ticket Income 122 500 $
Level 4 -- Attendance: 2734 (86,71%) -- Ticket Income 82 020 $
Luxury Box -- Attendance: 1000 (100,00%) -- Ticket Income 250 000 $
Game was played at the Canadian Tire Centre.
Total Attendance: 18734 (97,81%)
Total Ticket Income: 1 404 520 $
Other Income: 688 215 $
Total Income: 2 092 735 $

% Time on Ice - Jets

Lines # - Real PCT - Wanted PCT - Time Play
Normal Forward
1 - 33% - 41% - 15:31
2 - 30% - 30% - 13:58
3 - 27% - 21% - 12:40
4 - 10% - 8% - 4:55
Normal Defense
1 - 36% - 40% - 16:56
2 - 31% - 32% - 14:49
3 - 30% - 23% - 14:09
4 - 2% - 5% - 1:10
PP Forward
1 - 59% - 60% - 5:18
2 - 41% - 40% - 3:40
PP Defense
1 - 59% - 65% - 5:17
2 - 41% - 35% - 3:41
PK Forward
1 - 78% - 60% - 3:05
2 - 22% - 40% - 0:53
PK Defense
1 - 58% - 60% - 2:17
2 - 42% - 40% - 1:41
PK3 Forward
1 - 0% - 60%
2 - 0% - 40%
PK3 Defense
1 - 0% - 60%
2 - 0% - 40%
44 Forward
1 - 0% - 60%
2 - 0% - 40%
44 Defense
1 - 0% - 60%
2 - 0% - 40%
Last Minute Offensive  - 0:00
Last Minute Defensive  - 0:00
Total
Forward - 60:00
Defense - 60:00

% Time on Ice - Senators

Lines # - Real PCT - Wanted PCT - Time Play
Normal Forward
1 - 37% - 40% - 17:28
2 - 32% - 30% - 15:15
3 - 19% - 20% - 9:08
4 - 11% - 10% - 5:13
Normal Defense
1 - 41% - 40% - 19:14
2 - 32% - 30% - 15:11
3 - 18% - 20% - 8:26
4 - 9% - 10% - 4:13
PP Forward
1 - 79% - 60% - 3:08
2 - 21% - 40% - 0:50
PP Defense
1 - 79% - 60% - 3:08
2 - 21% - 40% - 0:50
PK Forward
1 - 62% - 60% - 5:36
2 - 38% - 40% - 3:22
PK Defense
1 - 39% - 60% - 3:30
2 - 61% - 40% - 5:28
PK3 Forward
1 - 0% - 60%
2 - 0% - 40%
PK3 Defense
1 - 0% - 60%
2 - 0% - 40%
44 Forward
1 - 0% - 60%
2 - 0% - 40%
44 Defense
1 - 0% - 60%
2 - 0% - 40%
Last Minute Offensive  - 0:00
Last Minute Defensive  - 0:00
Total
Forward - 60:00
Defense - 60:00

Play-by-Play

1st period


0:01 of 1st period - Eric Staal wins face-off versus Mika Zibanejad in neutral zone.
0:34 of 1st period - Mika Zibanejad is hit by James Neal and loses puck.
1:18 of 1st period - Shot by Bryan Rust.
1:18 of 1st period - Goal by Bryan Rust - Jets : 1 - Senators : 0.
1:19 of 1st period - Nick Suzuki wins face-off versus Alexander Wennberg in neutral zone.
1:26 of 1st period - Shot by Nick Foligno.
1:26 of 1st period - Stopped by Marcus Hogberg with a rebound.
1:46 of 1st period - Shot by Vladimir Tarasenko.
1:46 of 1st period - Shot Misses the Net.
1:48 of 1st period - Shot by Connor Brown.
1:48 of 1st period - Stopped by Ben Bishop without a rebound.
1:49 of 1st period - Mikko Koivu wins face-off versus Chris Wagner in Jets zone.
2:09 of 1st period - Shot by Vladislav Namestnikov.
2:09 of 1st period - Goal by Vladislav Namestnikov - Jets : 1 - Senators : 1.
2:10 of 1st period - Mika Zibanejad wins face-off versus Valtteri Filppula in neutral zone.
2:10 of 1st period - Minor Penalty to Valtteri Filppula for Boarding.
2:11 of 1st period - Chris Wagner wins face-off versus Mika Zibanejad in Senators zone.
2:19 of 1st period - Icing by Mika Zibanejad.
2:20 of 1st period - Mika Zibanejad wins face-off versus Chris Wagner in Jets zone.
2:31 of 1st period - Shot by Mika Zibanejad.
2:31 of 1st period - Stopped by Marcus Hogberg without a rebound.
2:32 of 1st period - Brock Nelson wins face-off versus Derek Ryan in Senators zone.
4:26 of 1st period - Shot by Brandon Saad.
4:26 of 1st period - Stopped by Marcus Hogberg without a rebound.
4:27 of 1st period - Eric Staal wins face-off versus Mikko Koivu in Senators zone.
4:31 of 1st period - Minor Penalty to Patrik Nemeth for Interference.
4:32 of 1st period - Mikko Koivu wins face-off versus Eric Staal in Jets zone.
4:42 of 1st period - Icing by Jani Hakanpaa.
4:43 of 1st period - Mikko Koivu wins face-off versus Eric Staal in Senators zone.
4:51 of 1st period - Icing by Robert Hagg.
4:52 of 1st period - Mikko Koivu wins face-off versus Eric Staal in Senators zone.
5:06 of 1st period - Mark Stone is hit by Jaccob Slavin and loses puck.
5:12 of 1st period - James Neal is hit by Hampus Lindholm and loses puck.
5:42 of 1st period - Icing by Connor Brown.
5:43 of 1st period - Carl Soderberg wins face-off versus Alexander Wennberg in Senators zone.
5:46 of 1st period - Shot by Carl Soderberg.
5:46 of 1st period - Shot Misses the Net.
5:48 of 1st period - Shot by Brandon Saad.
5:48 of 1st period - Stopped by Marcus Hogberg without a rebound.
5:49 of 1st period - Alexander Wennberg wins face-off versus Brandon Saad in Senators zone.
6:19 of 1st period - Shot by Vladimir Tarasenko.
6:19 of 1st period - Shot Blocked by Hampus Lindholm.
6:21 of 1st period - Shot by Andy Greene.
6:21 of 1st period - Stopped by Ben Bishop without a rebound.
6:22 of 1st period - Carl Soderberg wins face-off versus Eric Staal in Jets zone.
6:37 of 1st period - Jakub Vrana is hit by Alex Galchenyuk and loses puck.
7:36 of 1st period - Shot by Mats Zuccarello.
7:36 of 1st period - Deflect By Bryan Rust.
7:36 of 1st period - Shot Misses the Net.
8:00 of 1st period - Shot by Brock Nelson.
8:00 of 1st period - Deflect By Mats Zuccarello.
8:00 of 1st period - Shot Misses the Net.
8:02 of 1st period - Shot by Brock Nelson.
8:02 of 1st period - Goal by Brock Nelson - Jets : 2 - Senators : 1.
8:03 of 1st period - Nick Suzuki wins face-off versus Alexander Wennberg in neutral zone.
8:11 of 1st period - Shot by Alexander Wennberg.
8:11 of 1st period - Stopped by Ben Bishop without a rebound.
8:12 of 1st period - Connor Brown wins face-off versus Mikko Koivu in Jets zone.
8:12 of 1st period - Connor Brown is hit by Patrik Nemeth.
8:21 of 1st period - Minor Penalty to Jani Hakanpaa for Tripping.
8:22 of 1st period - Chris Wagner wins face-off versus Brock Nelson in Senators zone.
8:22 of 1st period - Chris Wagner is hit by Brock Nelson.
8:31 of 1st period - Hampus Lindholm is hit by Chris Wagner and loses puck.
8:49 of 1st period - Kasperi Kapanen is hit by Mike Green and loses puck.
8:58 of 1st period - Shot by Mats Zuccarello.
8:58 of 1st period - Shot Misses the Net.
9:00 of 1st period - Shot by Kasperi Kapanen.
9:00 of 1st period - Stopped by Marcus Hogberg with a rebound.
9:22 of 1st period - Shot by Mika Zibanejad.
9:22 of 1st period - Shot Misses the Net.
9:24 of 1st period - Shot by Bryan Rust.
9:24 of 1st period - The goal is going for a video replay.
9:24 of 1st period - The goal is good.
9:24 of 1st period - Goal by Bryan Rust - Jets : 3 - Senators : 1.
9:25 of 1st period - Nick Foligno wins face-off versus Alexander Wennberg in neutral zone.
9:54 of 1st period - Shot by Alexander Wennberg.
9:54 of 1st period - Stopped by Ben Bishop without a rebound.
9:55 of 1st period - Mikko Koivu wins face-off versus Eric Staal in Jets zone.
9:55 of 1st period - Mikko Koivu is hit by Mark Stone.
10:27 of 1st period - Eric Staal is hit by Carl Soderberg and loses puck.
11:41 of 1st period - Shot by Kasperi Kapanen.
11:41 of 1st period - Shot Misses the Net.
11:51 of 1st period - Shot by Kasperi Kapanen.
11:51 of 1st period - Shot Misses the Net.
12:06 of 1st period - Minor Penalty to Robert Hagg for Holding.
12:07 of 1st period - Chris Wagner wins face-off versus Brock Nelson in Senators zone.
13:22 of 1st period - Shot by Jakub Vrana.
13:22 of 1st period - Deflect By Mika Zibanejad.
13:22 of 1st period - Shot Misses the Net.
13:40 of 1st period - Shot by Torey Krug.
13:40 of 1st period - Goal by Torey Krug - Jets : 4 - Senators : 1.
13:40 of 1st period - Petr Mrazek enters game.
13:41 of 1st period - Eric Staal wins face-off versus Carl Soderberg in neutral zone.
13:46 of 1st period - Icing by Carl Soderberg.
13:47 of 1st period - Eric Staal wins face-off versus Mikko Koivu in Jets zone.
13:53 of 1st period - Icing by Jay Bouwmeester.
13:54 of 1st period - Eric Staal wins face-off versus Mikko Koivu in Jets zone.
14:19 of 1st period - Shot by James Neal.
14:19 of 1st period - Stopped by Ben Bishop without a rebound.
14:20 of 1st period - Alexander Wennberg wins face-off versus Brock Nelson in Jets zone.
16:06 of 1st period - Shot by Nick Foligno.
16:06 of 1st period - Shot Blocked by Andy Greene.
16:14 of 1st period - Shot by Nick Suzuki.
16:14 of 1st period - Shot Misses the Net.
16:16 of 1st period - Shot by Jay Bouwmeester.
16:16 of 1st period - Stopped by Petr Mrazek without a rebound.
16:17 of 1st period - Chris Wagner wins face-off versus Mikko Koivu in Senators zone.
16:45 of 1st period - Chris Wagner is hit by Tim Schaller and loses puck.
17:11 of 1st period - Mats Zuccarello is hit by Cody Goloubef and loses puck.
18:05 of 1st period - Shot by Mika Zibanejad.
18:05 of 1st period - Stopped by Petr Mrazek without a rebound.
18:06 of 1st period - Eric Staal wins face-off versus Nick Suzuki in Senators zone.
18:13 of 1st period - Hampus Lindholm is hit by Mark Stone and loses puck.
18:20 of 1st period - Shot by James Neal.
18:20 of 1st period - Deflect By Mark Stone.
18:20 of 1st period - Stopped by Ben Bishop without a rebound.
18:21 of 1st period - Alexander Wennberg wins face-off versus Mika Zibanejad in Jets zone.
18:24 of 1st period - Shot by Connor Brown.
18:24 of 1st period - Stopped by Ben Bishop without a rebound.
18:25 of 1st period - Eric Staal wins face-off versus Mika Zibanejad in Jets zone.
18:26 of 1st period - Shot by Mark Stone.
18:26 of 1st period - Stopped by Ben Bishop without a rebound.
18:27 of 1st period - Eric Staal wins face-off versus Mika Zibanejad in Jets zone.
18:36 of 1st period - Shot by Eric Staal.
18:36 of 1st period - Stopped by Ben Bishop without a rebound.
18:37 of 1st period - Brock Nelson wins face-off versus Connor Brown in Jets zone.
19:27 of 1st period - Bryan Rust is hit by James Neal.
Goals for this period are 4 for Jets vs 1 for Senators.
Shots for this period are 11 for Jets vs 10 for Senators.

2nd period


0:01 of 2nd period - Eric Staal wins face-off versus Mika Zibanejad in neutral zone.
0:26 of 2nd period - Icing by Jaccob Slavin.
0:27 of 2nd period - Alexander Wennberg wins face-off versus Mika Zibanejad in Jets zone.
0:34 of 2nd period - Shot by Vladimir Tarasenko.
0:34 of 2nd period - Shot Misses the Net.
0:36 of 2nd period - Shot by Andy Greene.
0:36 of 2nd period - Shot Misses the Net.
0:45 of 2nd period - Off-side.
0:46 of 2nd period - Nick Suzuki wins face-off versus Chris Wagner in neutral zone.
1:04 of 2nd period - Vladislav Namestnikov is hit by Jake Muzzin and loses puck.
1:16 of 2nd period - Shot by Vladislav Namestnikov.
1:16 of 2nd period - Stopped by Ben Bishop without a rebound.
1:17 of 2nd period - Brock Nelson wins face-off versus Eric Staal in Jets zone.
1:23 of 2nd period - Eric Staal is hit by Jay Bouwmeester and loses puck.
1:56 of 2nd period - Shot by Bryan Rust.
1:56 of 2nd period - Shot Blocked by Cody Goloubef.
1:58 of 2nd period - Shot by Jay Bouwmeester.
1:58 of 2nd period - Shot Blocked by James Neal.
2:01 of 2nd period - Icing by Jakob Chychrun.
2:02 of 2nd period - Eric Staal wins face-off versus Mika Zibanejad in Senators zone.
2:21 of 2nd period - Icing by Connor Brown.
2:22 of 2nd period - Nick Suzuki wins face-off versus Alexander Wennberg in Senators zone.
2:31 of 2nd period - Shot by Nick Suzuki.
2:31 of 2nd period - Stopped by Petr Mrazek without a rebound.
2:32 of 2nd period - Mika Zibanejad wins face-off versus Valtteri Filppula in Senators zone.
2:39 of 2nd period - Shot by Kasperi Kapanen.
2:39 of 2nd period - Shot Misses the Net.
2:43 of 2nd period - Shot by Jakub Vrana.
2:43 of 2nd period - Shot Misses the Net.
2:50 of 2nd period - Icing by Robert Hagg.
2:51 of 2nd period - Nick Suzuki wins face-off versus Valtteri Filppula in Senators zone.
2:54 of 2nd period - Shot by Brandon Saad.
2:54 of 2nd period - Stopped by Petr Mrazek without a rebound.
2:55 of 2nd period - Nick Suzuki wins face-off versus Eric Staal in Senators zone.
3:34 of 2nd period - Icing by Jaccob Slavin.
3:35 of 2nd period - Alexander Wennberg wins face-off versus Nick Suzuki in Jets zone.
3:38 of 2nd period - Shot by Vladimir Tarasenko.
3:38 of 2nd period - Stopped by Ben Bishop without a rebound.
3:39 of 2nd period - Mika Zibanejad wins face-off versus Alexander Wennberg in Jets zone.
3:39 of 2nd period - Mika Zibanejad is hit by Alexander Wennberg.
4:12 of 2nd period - Shot by Mika Zibanejad.
4:12 of 2nd period - Shot Misses the Net.
4:14 of 2nd period - Shot by Mika Zibanejad.
4:14 of 2nd period - Stopped by Petr Mrazek without a rebound.
4:15 of 2nd period - Bryan Rust wins face-off versus Vladislav Namestnikov in Senators zone.
4:36 of 2nd period - Shot by Brock Nelson.
4:36 of 2nd period - Shot Misses the Net.
4:38 of 2nd period - Shot by Brock Nelson.
4:38 of 2nd period - Shot Blocked by Jakob Chychrun.
5:29 of 2nd period - Shot by Mark Stone.
5:29 of 2nd period - Stopped by Ben Bishop without a rebound.
5:30 of 2nd period - Mika Zibanejad wins face-off versus Connor Brown in Jets zone.
5:35 of 2nd period - Shot by Mika Zibanejad.
5:35 of 2nd period - Stopped by Petr Mrazek without a rebound.
5:36 of 2nd period - Mika Zibanejad wins face-off versus Alexander Wennberg in Senators zone.
6:52 of 2nd period - Shot by Eric Staal.
6:52 of 2nd period - Shot Misses the Net.
7:06 of 2nd period - Shot by Nick Foligno.
7:06 of 2nd period - Stopped by Petr Mrazek without a rebound.
7:07 of 2nd period - Mikko Koivu wins face-off versus Valtteri Filppula in Senators zone.
7:26 of 2nd period - Shot by Mikko Koivu.
7:26 of 2nd period - Deflect By Tim Schaller.
7:26 of 2nd period - Stopped by Petr Mrazek without a rebound.
7:27 of 2nd period - Brock Nelson wins face-off versus Chris Wagner in Senators zone.
7:27 of 2nd period - Brock Nelson is hit by Jakob Chychrun.
7:53 of 2nd period - Shot by Brock Nelson.
7:53 of 2nd period - Shot Misses the Net.
8:35 of 2nd period - Shot by Nick Suzuki.
8:35 of 2nd period - Shot Misses the Net.
8:37 of 2nd period - Shot by Brandon Saad.
8:37 of 2nd period - Shot Blocked by Mike Green.
8:39 of 2nd period - Shot by Nick Suzuki.
8:39 of 2nd period - Deflect By Nick Foligno.
8:39 of 2nd period - Stopped by Petr Mrazek without a rebound.
8:40 of 2nd period - Alexander Wennberg wins face-off versus Mika Zibanejad in Senators zone.
8:56 of 2nd period - Shot by Vladimir Tarasenko.
8:56 of 2nd period - Stopped by Ben Bishop without a rebound.
8:57 of 2nd period - Valtteri Filppula wins face-off versus Nick Suzuki in Jets zone.
9:34 of 2nd period - Shot by Paul Byron.
9:34 of 2nd period - Stopped by Ben Bishop with a rebound.
9:48 of 2nd period - Shot by Mark Stone.
9:48 of 2nd period - Shot Blocked by Torey Krug.
9:50 of 2nd period - Shot by Jani Hakanpaa.
9:50 of 2nd period - Shot Hit the Post.
9:52 of 2nd period - Shot by Mark Stone.
9:52 of 2nd period - Deflect By Eric Staal.
9:52 of 2nd period - Shot Misses the Net.
10:06 of 2nd period - Shot by Mark Stone.
10:06 of 2nd period - Stopped by Ben Bishop with a rebound.
10:08 of 2nd period - Shot by Mark Stone.
10:08 of 2nd period - Goal by Mark Stone - Jets : 4 - Senators : 2.
10:09 of 2nd period - Mika Zibanejad wins face-off versus Alexander Wennberg in neutral zone.
10:26 of 2nd period - Shot by Mika Zibanejad.
10:26 of 2nd period - Shot Misses the Net.
10:29 of 2nd period - Icing by Cody Goloubef.
10:30 of 2nd period - Alexander Wennberg wins face-off versus Brock Nelson in Senators zone.
10:59 of 2nd period - Shot by Brock Nelson.
10:59 of 2nd period - Shot Blocked by Cody Goloubef.
11:03 of 2nd period - Shot by Bryan Rust.
11:03 of 2nd period - Shot Misses the Net.
11:05 of 2nd period - Shot by Jay Bouwmeester.
11:05 of 2nd period - Shot Misses the Net.
11:30 of 2nd period - Shot by Mika Zibanejad.
11:30 of 2nd period - Shot Blocked by Jakob Chychrun.
11:32 of 2nd period - Shot by Kasperi Kapanen.
11:32 of 2nd period - Shot Misses the Net.
11:34 of 2nd period - Shot by Jake Muzzin.
11:34 of 2nd period - Shot Misses the Net.
11:36 of 2nd period - Shot by Hampus Lindholm.
11:36 of 2nd period - Shot Misses the Net.
12:32 of 2nd period - Shot by Mikko Koivu.
12:32 of 2nd period - Stopped by Petr Mrazek with a rebound.
13:00 of 2nd period - Shot by Jay Bouwmeester.
13:00 of 2nd period - Stopped by Petr Mrazek without a rebound.
13:01 of 2nd period - Brock Nelson wins face-off versus Eric Staal in Senators zone.
13:04 of 2nd period - Shot by Mats Zuccarello.
13:04 of 2nd period - Stopped by Petr Mrazek without a rebound.
13:05 of 2nd period - Eric Staal wins face-off versus Brock Nelson in Senators zone.
13:15 of 2nd period - Shot by James Neal.
13:15 of 2nd period - Stopped by Ben Bishop with a rebound.
13:25 of 2nd period - Shot by Mark Stone.
13:25 of 2nd period - Stopped by Ben Bishop without a rebound.
13:26 of 2nd period - Mika Zibanejad wins face-off versus Chris Wagner in Jets zone.
13:46 of 2nd period - Shot by Mika Zibanejad.
13:46 of 2nd period - Stopped by Petr Mrazek without a rebound.
13:47 of 2nd period - Brock Nelson wins face-off versus Eric Staal in Senators zone.
13:51 of 2nd period - Mats Zuccarello is hit by Mike Green and loses puck.
14:06 of 2nd period - Shot by Mark Stone.
14:06 of 2nd period - Shot Blocked by Hampus Lindholm.
14:08 of 2nd period - Shot by Mark Stone.
14:08 of 2nd period - Shot Misses the Net.
14:28 of 2nd period - Shot by Mark Stone.
14:28 of 2nd period - Stopped by Ben Bishop without a rebound.
14:29 of 2nd period - Mika Zibanejad wins face-off versus Chris Wagner in Jets zone.
15:02 of 2nd period - Shot by Mika Zibanejad.
15:02 of 2nd period - Stopped by Petr Mrazek without a rebound.
15:03 of 2nd period - Valtteri Filppula wins face-off versus Nick Suzuki in Senators zone.
15:03 of 2nd period - Valtteri Filppula is hit by Nick Foligno.
15:14 of 2nd period - Brandon Saad is hit by Mike Green and loses puck.
15:29 of 2nd period - Shot by Nick Foligno.
15:29 of 2nd period - Stopped by Petr Mrazek without a rebound.
15:30 of 2nd period - Brock Nelson wins face-off versus Eric Staal in Senators zone.
15:30 of 2nd period - Brock Nelson is hit by Jani Hakanpaa.
15:44 of 2nd period - Shot by Mats Zuccarello.
15:44 of 2nd period - Stopped by Petr Mrazek with a rebound.
15:52 of 2nd period - Minor Penalty to Robert Hagg for Hooking.
15:53 of 2nd period - Mika Zibanejad wins face-off versus Chris Wagner in Senators zone.
16:02 of 2nd period - Shot by Jakub Vrana.
16:02 of 2nd period - Stopped by Petr Mrazek without a rebound.
16:03 of 2nd period - Brock Nelson wins face-off versus Chris Wagner in Senators zone.
16:12 of 2nd period - Shot by Torey Krug.
16:12 of 2nd period - Shot Misses the Net.
16:14 of 2nd period - Shot by Brock Nelson.
16:14 of 2nd period - Shot Blocked by Cody Goloubef.
18:16 of 2nd period - Nick Foligno is hit by Eric Staal and loses puck.
18:44 of 2nd period - Icing by Patrik Nemeth.
18:45 of 2nd period - Alexander Wennberg wins face-off versus Nick Suzuki in Jets zone.
18:46 of 2nd period - Shot by Connor Brown.
18:46 of 2nd period - Shot Misses the Net.
18:48 of 2nd period - Shot by Alexander Wennberg.
18:48 of 2nd period - Stopped by Ben Bishop without a rebound.
18:49 of 2nd period - Alexander Wennberg wins face-off versus Mikko Koivu in Jets zone.
18:49 of 2nd period - Alexander Wennberg is hit by Torey Krug.
18:53 of 2nd period - Shot by Alexander Wennberg.
18:53 of 2nd period - Stopped by Ben Bishop without a rebound.
18:54 of 2nd period - Mikko Koivu wins face-off versus Alexander Wennberg in Jets zone.
19:03 of 2nd period - Shot by Mikko Koivu.
19:03 of 2nd period - Stopped by Petr Mrazek with a rebound.
19:05 of 2nd period - Shot by Mikko Koivu.
19:05 of 2nd period - Stopped by Petr Mrazek without a rebound.
19:06 of 2nd period - Valtteri Filppula wins face-off versus Mika Zibanejad in Senators zone.
19:20 of 2nd period - Derek Ryan is hit by Jake Muzzin and loses puck.
19:32 of 2nd period - Paul Byron is hit by Jake Muzzin.
19:42 of 2nd period - Shot by Paul Byron.
19:42 of 2nd period - Shot Misses the Net.
Goals for this period are 0 for Jets vs 1 for Senators.
Shots for this period are 17 for Jets vs 12 for Senators.

3rd period


0:01 of 3rd period - Eric Staal wins face-off versus Jakub Vrana in neutral zone.
0:35 of 3rd period - Icing by Mika Zibanejad.
0:36 of 3rd period - Mika Zibanejad wins face-off versus Chris Wagner in Jets zone.
0:49 of 3rd period - Shot by Kasperi Kapanen.
0:49 of 3rd period - Goal by Kasperi Kapanen - Jets : 5 - Senators : 2.
0:50 of 3rd period - Brock Nelson wins face-off versus Alexander Wennberg in neutral zone.
1:32 of 3rd period - Jake Muzzin is hit by Connor Brown and loses puck.
1:56 of 3rd period - Icing by Patrik Nemeth.
1:57 of 3rd period - Nick Suzuki wins face-off versus Chris Wagner in Jets zone.
2:31 of 3rd period - Shot by Chris Wagner.
2:31 of 3rd period - Shot Misses the Net.
3:17 of 3rd period - Shot by Eric Staal.
3:17 of 3rd period - Stopped by Ben Bishop with a rebound.
3:29 of 3rd period - Shot by Kasperi Kapanen.
3:29 of 3rd period - Shot Hit the Post.
3:59 of 3rd period - Shot by Mikko Koivu.
3:59 of 3rd period - Deflect By Carl Soderberg.
3:59 of 3rd period - Stopped by Petr Mrazek without a rebound.
4:00 of 3rd period - Alexander Wennberg wins face-off versus Brock Nelson in Senators zone.
4:09 of 3rd period - Off-side.
4:10 of 3rd period - Chris Wagner wins face-off versus Nick Suzuki in neutral zone.
4:17 of 3rd period - Shot by Vladislav Namestnikov.
4:17 of 3rd period - Shot Misses the Net.
4:24 of 3rd period - Minor Penalty to Robert Hagg for Hooking.
4:25 of 3rd period - Mika Zibanejad wins face-off versus Chris Wagner in Senators zone.
4:44 of 3rd period - Shot by Mika Zibanejad.
4:44 of 3rd period - Shot Misses the Net.
4:46 of 3rd period - Shot by Torey Krug.
4:46 of 3rd period - Shot Blocked by Mike Green.
4:48 of 3rd period - Shot by Jaccob Slavin.
4:48 of 3rd period - Goal by Jaccob Slavin - Jets : 6 - Senators : 2.
4:49 of 3rd period - Nick Suzuki wins face-off versus Alexander Wennberg in neutral zone.
5:06 of 3rd period - Shot by Vladimir Tarasenko.
5:06 of 3rd period - Shot Misses the Net.
5:08 of 3rd period - Shot by Alexander Wennberg.
5:08 of 3rd period - Shot Misses the Net.
5:12 of 3rd period - Shot by Alexander Wennberg.
5:12 of 3rd period - Shot Misses the Net.
6:06 of 3rd period - Shot by Jakub Vrana.
6:06 of 3rd period - Shot Misses the Net.
6:09 of 3rd period - Kasperi Kapanen is hit by Robert Hagg and loses puck.
6:21 of 3rd period - Icing by Vladimir Tarasenko.
6:22 of 3rd period - Alexander Wennberg wins face-off versus Brock Nelson in Senators zone.
7:58 of 3rd period - Shot by Vladislav Namestnikov.
7:58 of 3rd period - Shot Misses the Net.
8:17 of 3rd period - Nick Foligno is hit by Valtteri Filppula and loses puck.
8:44 of 3rd period - Shot by Eric Staal.
8:44 of 3rd period - Stopped by Ben Bishop without a rebound.
8:45 of 3rd period - Mika Zibanejad wins face-off versus Eric Staal in Jets zone.
8:45 of 3rd period - Jaccob Slavin is hit by James Neal and loses puck.
9:03 of 3rd period - Shot by James Neal.
9:03 of 3rd period - Stopped by Ben Bishop without a rebound.
9:04 of 3rd period - Chris Wagner wins face-off versus Mikko Koivu in Jets zone.
9:22 of 3rd period - Shot by Chris Wagner.
9:22 of 3rd period - Stopped by Ben Bishop without a rebound.
9:23 of 3rd period - Alexander Wennberg wins face-off versus Kasperi Kapanen in Jets zone.
9:41 of 3rd period - Icing by Connor Brown.
9:42 of 3rd period - Brock Nelson wins face-off versus Alexander Wennberg in Senators zone.
10:53 of 3rd period - Shot by Mika Zibanejad.
10:53 of 3rd period - Stopped by Petr Mrazek with a rebound.
11:45 of 3rd period - Torey Krug is hit by Jakob Chychrun and loses puck.
11:52 of 3rd period - Torey Krug is hit by James Neal and loses puck.
11:58 of 3rd period - Minor Penalty to Jaccob Slavin for Tripping.
11:59 of 3rd period - Eric Staal wins face-off versus Mikko Koivu in Jets zone.
12:52 of 3rd period - Shot by Vladislav Namestnikov.
12:52 of 3rd period - Shot Misses the Net.
13:30 of 3rd period - Shot by James Neal.
13:30 of 3rd period - Shot Misses the Net.
13:32 of 3rd period - Shot by James Neal.
13:32 of 3rd period - Stopped by Ben Bishop without a rebound.
13:33 of 3rd period - Mikko Koivu wins face-off versus Vladislav Namestnikov in Jets zone.
14:13 of 3rd period - Icing by Torey Krug.
14:14 of 3rd period - Mika Zibanejad wins face-off versus Valtteri Filppula in Jets zone.
14:48 of 3rd period - Valtteri Filppula is hit by Jaccob Slavin and loses puck.
15:07 of 3rd period - Shot by Brock Nelson.
15:07 of 3rd period - Shot Misses the Net.
15:15 of 3rd period - Hampus Lindholm is hit by Valtteri Filppula and loses puck.
16:09 of 3rd period - Shot by Brandon Saad.
16:09 of 3rd period - Shot Blocked by Jakob Chychrun.
17:16 of 3rd period - Icing by Eric Staal.
17:17 of 3rd period - Mikko Koivu wins face-off versus Eric Staal in Senators zone.
17:17 of 3rd period - Mikko Koivu is hit by Mike Green.
17:26 of 3rd period - Minor Penalty to Mike Green for High sticking.
17:27 of 3rd period - Mika Zibanejad wins face-off versus Valtteri Filppula in Senators zone.
17:44 of 3rd period - Shot by Mika Zibanejad.
17:44 of 3rd period - Shot Misses the Net.
17:52 of 3rd period - Shot by Jakub Vrana.
17:52 of 3rd period - Shot Misses the Net.
17:54 of 3rd period - Shot by Bryan Rust.
17:54 of 3rd period - Stopped by Petr Mrazek without a rebound.
17:55 of 3rd period - Valtteri Filppula wins face-off versus Kasperi Kapanen in Senators zone.
18:08 of 3rd period - Shot by Brock Nelson.
18:08 of 3rd period - Stopped by Petr Mrazek with a rebound.
18:10 of 3rd period - Shot by Kasperi Kapanen.
18:10 of 3rd period - Shot Misses the Net.
18:12 of 3rd period - Shot by Hampus Lindholm.
18:12 of 3rd period - Shot Blocked by Jakob Chychrun.
18:14 of 3rd period - Shot by Kasperi Kapanen.
18:14 of 3rd period - Stopped by Petr Mrazek without a rebound.
18:15 of 3rd period - Mika Zibanejad wins face-off versus Chris Wagner in Senators zone.
18:16 of 3rd period - Shot by Bryan Rust.
18:16 of 3rd period - Stopped by Petr Mrazek without a rebound.
18:17 of 3rd period - Mika Zibanejad wins face-off versus Chris Wagner in Senators zone.
19:24 of 3rd period - Icing by Mats Zuccarello.
19:25 of 3rd period - Brock Nelson wins face-off versus Chris Wagner in Jets zone.
19:50 of 3rd period - Shot by Mark Stone.
19:50 of 3rd period - Shot Misses the Net.
Goals for this period are 2 for Jets vs 0 for Senators.
Shots for this period are 8 for Jets vs 5 for Senators.